Map: Ruins of Endion

Players

DoUmiii

  • Race: Protoss Protoss

capac - Winner!

  • Race: Terran Terran
  • League: Gold

VOD

Have the link to the VOD?

Description

Time

  • Played on: April 27, 2016, 2:43 p.m.
  • Length: 6:59
Show
View Real Time Build Order
Export as new Build Order

DoUmiii Protoss 

Build Orders:  

Get SALT Encoding   

  12  0:01  Probe (Chrono Boost)  
  13  0:11  Probe (Chrono Boost)  
  14  0:19  Pylon  
  14  0:22  Probe (Chrono Boost)  
  15  0:37  Probe (Chrono Boost)  
  15  0:38  Gateway  
  16  0:45  Assimilator  
  16  0:48  Probe (Chrono Boost)  
  17  0:59  Pylon  
  17  1:01  Probe (Chrono Boost)  
  18  1:11  Probe (Chrono Boost)  
  19  1:22  Probe (Chrono Boost)  
  19  1:25  Cybernetics Core  
  20  1:34  Probe (Chrono Boost)  
  21  1:45  Probe (Chrono Boost)  
  21  1:46  Assimilator  
  22  1:48  Pylon  
  22  1:54  Warp Gate (Chrono Boost)  
  22  1:58  Probe (Chrono Boost)  
  23  2:03  Adept  
  24  2:09  Probe  
  25  2:22  Probe  
  26  2:30  Nexus  
  26  2:33  Adept  
  28  2:37  Probe (Chrono Boost)  
  31  2:52  Mothership Core (Chrono Boost)  
  31  2:57  Robotics Facility  
  31  3:08  Adept  
  31  3:12  Probe (Chrono Boost)  
  34  3:23  Pylon  
  34  3:24  Probe (Chrono Boost)  
  35  3:36  Probe (Chrono Boost)  
  36  3:41  Gateway  
  36  3:45  Observer  
  36  3:46  Probe (Chrono Boost), Gateway  
  38  3:57  Probe (Chrono Boost)  
  39  4:14  Probe (Chrono Boost)  
  40  4:21  Stalker  
  42  4:25  Probe (Chrono Boost), Twilight Council  
  42  4:29  Probe (Chrono Boost)  
  44  4:35  Probe (Chrono Boost)  
  44  4:37  Assimilator  
  45  4:39  Probe (Chrono Boost)  
  45  4:40  Pylon  
  46  4:45  Probe (Chrono Boost)  
  46  4:46  Immortal (Chrono Boost)  
  46  4:49  Probe  
  52  4:56  Blink (Chrono Boost)  
  52  4:57  Probe  
  53  5:00  Gateway  
  53  5:15  Probe  
  53  5:16  Probe  
  53  5:19  Assimilator  
  55  5:22  Pylon  
  55  5:25  Probe  
  57  5:28  Probe  
  57  5:31  Forge  
  57  5:32  Forge  
  57  5:36  Probe  
  57  5:40  Probe  
  59  5:44  Immortal (Chrono Boost)  
  63  5:58  Probe x2  
  63  6:02  Stalker x3  
  63  6:03  Stalker  
  73  6:13  Pylon  
  73  6:18  Pylon  
  73  6:19  Probe x2, Pylon  
  73  6:21  Observer (Chrono Boost)  
  76  6:31  Probe  
  76  6:32  Probe  
  78  6:34  Robotics Bay  
  80  6:57  Nexus  
Show
View Real Time Build Order
Export as new Build Order

capac Terran - Winner!

Build Orders:  

Get SALT Encoding   

  12  0:00  SCV  
  13  0:13  SCV  
  14  0:18  Supply Depot  
  14  0:25  SCV  
  15  0:40  SCV  
  15  0:42  Barracks  
  16  0:46  Refinery  
  16  0:52  SCV  
  17  1:04  SCV  
  18  1:16  SCV  
  19  1:31  Marine  
  20  1:38  Orbital Command  
  20  1:50  Supply Depot  
  20  1:52  Command Center  
  20  2:02  Factory  
  20  2:08  Barracks Reactor  
  20  2:13  SCV  
  21  2:27  SCV  
  22  2:32  Refinery  
  22  2:37  Barracks  
  22  2:39  SCV  
  23  2:44  Marine x2  
  23  2:50  Factory Tech Lab  
  25  2:53  SCV  
  26  3:03  Marine x2  
  28  3:10  Orbital Command  
  28  3:13  Siege Tank  
  31  3:25  Starport  
  31  3:26  SCV  
  32  3:27  Marine  
  32  3:28  Marine  
  32  3:32  Barracks Tech Lab  
  34  3:38  SCV  
  35  3:45  SCV  
  35  3:46  Siege Tank  
  39  3:50  SCV  
  38  4:11  Marine x2  
  40  4:21  Marine, SCV x2  
  40  4:23  Siege Tank  
  46  4:24  Starport Reactor  
  46  4:31  Barracks  
  46  4:39  Supply Depot  
  46  4:42  Marine, SCV x2  
  49  4:51  Marine  
  49  4:52  Marine  
  51  4:53  Stimpack  
  51  4:59  SCV x2  
  53  5:00  Marine  
  53  5:06  Medivac  
  56  5:08  Marine  
  56  5:11  Refinery  
  56  5:12  Refinery  
  57  5:17  Marine  
  57  5:20  Barracks Reactor  
  58  5:24  Supply Depot  
  58  5:27  Supply Depot, SCV x2  
  60  5:35  Marine x2  
  62  5:43  Engineering Bay  
  62  5:45  Marine  
  62  5:46  Medivac  
  65  5:50  SCV x2  
  67  6:02  SCV  
  67  6:03  Viking, SCV  
  71  6:05  Siege Tank  
  74  6:15  SCV  
  74  6:17  Engineering Bay  
  75  6:19  Marine x2  
  77  6:30  Marine  
  78  6:35  Supply Depot  
  78  6:36  Supply Depot  
  78  6:42  SCV x2  
Tags
 
Add a new tag
Caveats
  • Supply blocks, unpowered buildings, or Contaminate may cause inaccurate times.
  • Supply counts are checked every 10 seconds.